 Dungeon Crawl Stone Soup version 0.21.0-3-g78d12a8bdd (webtiles) character file.

85 Quolop the Chopper (level 4, -5/41 HPs)
             Began as a Minotaur Berserker on Jan 12, 2018.
             Was a Believer of Trog.
             Slain by Crazy Yiuf
             ... wielding a +4 quarterstaff of chaos
              (7 damage)
             ... on level 3 of the Dungeon.
             The game lasted 00:02:57 (2342 turns).

Quolop the Chopper (Minotaur Berserker)             Turns: 2342, Time: 00:02:58

Health: -5/41      AC:  4    Str: 23    XL:     4   Next: 25%
Magic:  3/3        EV: 12    Int:  4    God:    Trog [**....]
Gold:   104        SH:  0    Dex:  9    Spells: 3/3 levels left

rFire    . . .     SeeInvis .   k - +0 war axe
rCold    . . .     Gourm    .   (no shield)
rNeg     . . .     Faith    .   g - +0 leather armour
rPois    .         Spirit   .   (helmet restricted)
rElec    .         Reflect  .   d - +0 cloak
rCorr    .         Harm     .   (no gloves)
MR       .....                  (no boots)
Stlth    +.........             (no amulet)
HPRegen  0.13/turn              (no ring)
MPRegen  0.08/turn              (no ring)

@: lethally poisoned (-5 -> -18), slowed, very slow
A: retaliatory headbutt, horns 2
a: Berserk, Trog's Hand, Burn Spellbooks, Renounce Religion


You were on level 3 of the Dungeon.
You worshipped Trog.
Trog was pleased with you.
You were hungry.

You visited 1 branch of the dungeon, and saw 3 of its levels.

You collected 104 gold pieces.

Inventory:

Hand Weapons
 a - a +0 hand axe
 i - a +0 blowgun
 k - a +0 war axe (weapon)
Missiles
 b - 7 javelins (quivered)
 l - 2 curare-tipped needles
Armour
 d - a +0 cloak (worn)
 g - a +0 leather armour (worn)
Wands
 m - a wand of random effects (6)
Scrolls
 e - a scroll of teleportation {unknown}
 f - 3 scrolls of remove curse {unknown}
 h - a scroll of fog {unknown}
 j - 3 scrolls of identify {unknown}
Comestibles
 c - 6 rations


   Skills:
 + Level 4.4 Fighting
 + Level 4.9 Axes
 + Level 2.6 Armour
 + Level 2.8 Dodging
 + Level 0.6 Stealth


You had 3 spell levels left.
You didn't know any spells.

Dungeon Overview and Level Annotations

Branches:
Dungeon (3/15)

Altars:

Annotations:
D:3 Crazy Yiuf


Innate Abilities, Weirdness & Mutations

You reflexively headbutt those who attack you in melee.
You have a pair of horns on your head.


Message History

Crazy Yiuf shouts!
Crazy Yiuf cries, "Buddy pontify dark!"
Crazy Yiuf drinks a potion.
Crazy Yiuf flickers and vanishes!
Deactivating autopickup; reactivate with Ctrl-A.
Found three maces.
There is an open door here.
Something hits you but does no damage.
You miss something. Something hits you! Something freezes you.
You barely miss something. You headbutt something. Something hits you!
You are lethally poisoned!
You hit something.
You feel sick. Something hits you.
* * * LOW HITPOINT WARNING * * *
You feel yourself slow down.
You miss something.
* * * LOW HITPOINT WARNING * * *
You feel very sick. Something hits you!
* * * LOW HITPOINT WARNING * * *
Something hits you!
You die...

######.###########.......
##).....#...(.## #.......
##..............##
#.......
#....###########.#
#....... #....#
#.###....... #....# #####
#........... #....# #..)#
#.####...... #....# #...#
#.# #....... #....# #)@)#
#.# #....... ##...# ##'##
### #....... ##..# ##.#
#....... ##.# #)##
#....... #.# ##.#
##....[. #.# #)## ##.....
#.# ##.# ###### #.#
#..### #.# #...P#


There were no monsters in sight!

Vanquished Creatures
  4 adders
  A worm (D:2)
  3 bats
  A giant cockroach (D:3)
  5 goblins
  3 hobgoblins
  6 jackals
  10 kobolds
  A ball python (D:3)
  4 frilled lizards (D:1)
  11 rats
  4 fungi (D:3)
53 creatures vanquished.

Notes
Turn   | Place    | Note
-------+----------+-------------------------------------------
     0 | D:1      | Quolop the Minotaur Berserker began the quest for the Orb.
     0 | D:1      | Reached XP level 1. HP: 19/19 MP: 0/0
   246 | D:1      | Reached XP level 2. HP: 22/27 MP: 1/1
   764 | D:1      | Reached ** piety under Trog
  1108 | D:2      | Reached XP level 3. HP: 32/33 MP: 2/2
  1860 | D:3      | Reached XP level 4. HP: 37/41 MP: 3/3
  2332 | D:3      | Found a runed door.
  2336 | D:3      | Noticed Crazy Yiuf
  2342 | D:3      | HP: 2/41 [something (7)]
  2342 | D:3      | Slain by Crazy Yiuf

Skill      XL: |  1  2 |
---------------+-------+-----
Axes           | 4 |  4.9
Fighting       | 4 |  4.4
Armour         | |  2.6
Dodging        | |  2.8
Stealth        | |  0.6

Action                   |  1- 3 |  4- 6 || total
-------------------------+-------+-------++-------
Melee: Hand axe          |    98 |       ||    98
       Headbutt          |    19 |     5 ||    24
       War axe           |    13 |    21 ||    34
  Use: Potion            |       |     2 ||     2
 Stab: Sleeping          |     1 |       ||     1
  Eat: Chunk             |     3 |     1 ||     4
Armor: Animal skin       |    15 |       ||    15
       Leather armour    |    15 |     2 ||    17
Dodge: Dodged            |    67 |     3 ||    70
